 Dungeon Crawl Stone Soup version 0.32-a0-630-g46d191b0ed (webtiles) character file.

Game seed: 5169908336120710647

270 jasper the Firebug (level 6, 0/37 HPs)
             Began as a Deep Elf Cinder Acolyte on Mar 6, 2024.
             Was a High Priest of Ignis.
             Slain by a kobold brigand
             ... wielding a +3 short sword
              (3 damage)
             ... in a sewer.
             The game lasted 00:04:39 (2160 turns).

jasper the Firebug (Deep Elf Cinder Acolyte)        Turns: 2160, Time: 00:04:40

Health: 0/37       AC:  5    Str: 11    XL:     6   Next: 1%
Magic:  7/12       EV: 12    Int: 21    God:    Ignis [*****.]
Gold:   64         SH:  0    Dex: 10    Spells: 6/11 levels left

rFire   + . .        g - +1 quarterstaff (venom)
rCold   . . .        (shield currently unavailable)
rNeg    . . .        b - +0 robe
rPois   .            j - +1 helmet
rElec   .            (no cloak)
rCorr   .            i - +0 pair of gloves
SInv    .            (no boots)
Will    .....        h - amulet of magic regeneration
Stlth   +            (no ring)
HPRegen 0.26/turn    (no ring)
MPRegen 0.53/turn

%: no passive effects
@: no status effects
A: no striking features
a: Renounce Religion, Fiery Armour, Foxfire Swarm, Rising Flame


You were in a sewer.
You worshipped Ignis.
Ignis was extremely pleased with you.
You visited 1 branch of the dungeon, and saw 3 of its levels.
You also visited: Sewer.

You collected 136 gold pieces.
You spent 72 gold pieces at shops.

Inventory:

Hand Weapons
 a - a -1 spear of flaming
 f - a +0 short sword
 g - a +1 quarterstaff of venom (weapon)
Missiles
 e - 35 stones
Armour
 b - a +0 robe (worn)
 i - a +0 pair of gloves (worn)
 j - a +1 helmet (worn)
Jewellery
 h - an amulet of magic regeneration (around neck)
Talismans
 d - a dragon-blood talisman
Wands
 n - a wand of polymorph (1)
Scrolls
 k - 3 scrolls of identify
 q - a scroll of fog {unknown}
Potions
 c - 3 potions of brilliance
 l - a potion of heal wounds
 m - 3 potions of curing
 o - a potion of enlightenment {unknown}
 p - a potion of berserk rage {unknown}


   Skills:
 - Level 3.0 Fighting
 - Level 2.1 Polearms
 - Level 2.0 Dodging
 - Level 3.0 Spellcasting
 + Level 3.2 Conjurations
 - Level 4.0 Fire Magic
 + Level 3.1 Earth Magic


You had 6 spell levels left.
You knew the following spells:

 Your Spells              Type           Power      Damage    Failure   Level
a - Scorch                Fire           38%        2d6       3%          2
b - Stone Arrow           Conj/Erth      32%        3d9       11%         3

Your spell library contained the following spells:

 Spells                   Type           Power      Damage    Failure   Level
 Animate Armour           Summ/Erth      18%        N/A       56%         4
 Lehudib's Crystal Spear  Conj/Erth      8%         10d3      100%        8


Dungeon Overview and Level Annotations

Branches:
Dungeon (3/15)              Sewer (1/1)

Altars:
Uskayaw

Shops:
D:2 *

Annotations:
D:3 2 transporters, ezpacito's ghost, amateur CoCK


Message History

The bat barely misses you. The kobold hits you with a +0 club.
The kobold brigand closely misses you. The bat barely misses you.
You take 3 damage, and have 29/37 hp.
You hit the bat.
You kill the bat!
The kobold hits you but does no damage.
The kobold brigand hits you with a +3 short sword. x2
The kobold barely misses you.
You take 5 damage, and have 24/37 hp.
You barely miss the kobold. The kobold hits you but does no damage.
The kobold brigand hits you with a +3 short sword!
You take 7 damage, and have 17/37 hp.
MP restored: 12 You closely miss the kobold.
The kobold hits you with a +0 club. The kobold brigand barely misses you.
You take 3 damage, and have 14/37 hp.
You closely miss the kobold. The kobold hits you but does no damage.
The kobold brigand hits you with a +3 short sword.
You take 1 damage, and have 13/37 hp.
Casting: Scorch (safe; 3% risk of failure)
Press: ? - help, Q - select action, (/) - cycle Dir - look around, f - activate Flames lash the kobold.
You kill the kobold!
The kobold brigand hits you with a +3 short sword.
You now have 10/12 mp.
Casting: Scorch (safe; 3% risk of failure)
Press: ? - help, Q - select action, (/) - cycle Dir - look around, f - activate Flames lash the kobold brigand.
The kobold brigand is lightly wounded.
The kobold brigand's fire resistance burns away.
The kobold brigand hits you with a +3 short sword!
* * * LOW HITPOINT WARNING * * *
You take 10 damage, and have 3/37 hp.
MASSIVE DAMAGE!!
You now have 9/12 mp.
Casting: Scorch (safe; 3% risk of failure)
Press: ? - help, Q - select action, (/) - cycle Dir - look around, f - activate Flames lash the kobold brigand.
The kobold brigand is burned terribly!
The kobold brigand is severely wounded.
The kobold brigand hits you with a +3 short sword.
You die...
Ignis goes out, and joins you in death.

##.....## #..⌠.⌠..#
+.......+ +.⌠._.⌠.+
+.......+ ...)... #.)K#
#############@#########
#≈~≈#≈≈~~~~#.).#~~~≈~~#
#~~~~~~~~~~....))~~.~.#
#~~~#).....#...#......#
#~~~#)#######≈#######+#
#~~~#).....#≈≈≈#......#
#~~.#~~~~..#≈≈≈#......#
#≈~~#≈≈~≈~...≈...~~~~~#
#≈≈.#≈≈≈≈≈~#...#~≈~≈≈≈#


You could see a kobold brigand (combustible).

Vanquished Creatures
  Sigmund (D:2)
  2 adders (D:2)
  An ufetubus (Sewer)
  A dart slug (D:2)
  5 orcs (D:3)
  10 ball pythons
  7 endoplasms
  5 giant cockroaches
  A goblin (D:2)
  7 hobgoblins
  A jackal (D:2)
  17 kobolds
  3 quokkas (D:3)
  4 bats
  5 frilled lizards
  A kobold zombie (Sewer)
  6 rats
77 creatures vanquished.

Notes
Turn   | Place    | Note
-------+----------+-------------------------------------------
     0 | D:1      | jasper the Deep Elf Cinder Acolyte began the quest for the
                  | Orb.
     0 | D:1      | Reached XP level 1. HP: 13/13 MP: 5/5
   324 | D:1      | You fall into a shaft and drop 1 floor!
   369 | D:2      | Reached XP level 2. HP: 18/18 MP: 6/6
   376 | D:2      | Learned a level 2 spell: Scorch
   479 | D:2      | Reached skill level 1 in Dodging
   703 | D:2      | Reached XP level 3. HP: 22/22 MP: 3/8
   777 | D:2      | Found Baidghoics's Assorted Antiques.
   781 | D:2      | Bought a bubbling coppery potion for 22 gold pieces
   781 | D:2      | Bought a scroll labelled DAILANL FACOF for 25 gold pieces
   781 | D:2      | Bought a scroll labelled DAILANL FACOF for 25 gold pieces
   895 | D:2      | Learned a level 3 spell: Stone Arrow
   963 | D:2      | Noticed Sigmund
   969 | D:2      | Killed Sigmund
   970 | D:2      | Reached skill level 4 in Fire Magic
   970 | D:2      | Reached XP level 4. HP: 28/28 MP: 0/10
   970 | D:2      | Reached XP level 5. HP: 32/32 MP: 0/11
  1180 | D:2      | Found a faded altar of an unknown god.
  1507 | D:3      | Noticed ezpacito's ghost (amateur CoCK)
  1533 | D:3      | Found a transporter.
  1606 | D:3      | Found a transporter.
  1899 | D:3      | Found a hide-covered altar of Uskayaw.
  1984 | D:3      | Found a glowing drain.
  1998 | Sewer    | Entered a sewer
  2143 | Sewer    | Found an ancient bone altar of Kikubaaqudgha.
  2147 | Sewer    | Reached XP level 6. HP: 34/37 MP: 6/12
  2160 | Sewer    | Slain by a kobold brigand

Illustrated notes

Levels and vault maps discovered:
D:1:      arrival_zaba_pyramid, layout_basic
D:2:      layout_rooms, serial_shops, nicolae_shop_just_a_little_nook,
          hellmonk_ecumenical_altar_inner_sanctum, minmay_pentomino_pile,
          uniq_sigmund
D:3:      layout_loops_ring, nicolae_uskayaw_murder_on_the_dancefloor,
          gammafunk_ghost_stat_death, gup_sewer_entry_pipe,
          hangedman_decor_opposing, serial_bayou_pond_a
Sewer:    kennysheep_sewer_church

Skill      XL: |  1  2  3  4  5 |
---------------+----------------+-----
Spellcasting   | 2 3 |  3.0
Dodging        | 1 2 |  2.0
Fighting       | 3 |  3.0
Fire Magic     | 4 |  4.0
Conjurations   | 2 3 |  3.2
Earth Magic    | 2 3 |  3.1
Polearms       | |  2.1

Action                     |  1- 3 |  4- 6 || total
---------------------------+-------+-------++-------
  Melee: Spear             |    21 |       ||    21
         Quarterstaff      |    13 |    38 ||    51
  Throw: Stone             |     3 |       ||     3
   Cast: Scorch            |    18 |    41 ||    59
    Use: Scroll            |     5 |     2 ||     7
   Stab: Sleeping          |       |     1 ||     1
 Armour: Robe              |    24 |    38 ||    62
  Dodge: Dodged            |    14 |    35 ||    49

Table legend: (Time is in decaauts)
 A = Elapsed time spent in this place.
 B = Non-inter-level travel time spent in this place.
 C = Inter-level travel time spent in this place.
 D = Time resting spent in this place.
 E = Time spent auto-exploring this place.
 F = Levels seen in this place.
 G = Mean time per level.
                   A        B        C        D        E       F      G
               +--------+--------+--------+--------+--------+-----+--------+
         Total |   2177 |   2143 |     34 |     35 |   1690 |   4 |  544.2 |
       Dungeon |   2009 |   1975 |     34 |     35 |   1577 |   3 |  669.7 |
         Sewer |    168 |    168 |      0 |      0 |    113 |   1 |  168.0 |
               +--------+--------+--------+--------+--------+-----+--------+

Top non-repeatable levels by time:
     D:2: 1079 daAuts
     D:3: 605 daAuts
     D:1: 324 daAuts
   Sewer: 168 daAuts
